 Dungeon Crawl Stone Soup version 0.29-a0-43-g62a80824bf (webtiles) character file.

Game seed: 697666346141749447

188854 freelancePsychic the Warrior (level 18, -6/107 HPs)
             Began as a Vine Stalker Brigand on Feb 2, 2022.
             Was a High Priest of Cheibriados.
             Mangled by a sun demon (8 damage)
             ... led by a balrug
             ... on level 4 of the Abyss.
             The game lasted 01:12:16 (28964 turns).

freelancePsychic the Warrior (VSBr)                Turns: 28964, Time: 01:12:17

Health: -6/107     AC: 35    Str: 28    XL:     18   Next: 56%
Magic:  0/30       EV: 10    Int: 27    God:    Cheibriados [*****.]
Gold:   1123       SH: 16    Dex: 30    Spells: 32/32 levels left

rFire   + . .      SeeInvis +   b - +3 quick blade (pain)
rCold   + + .      Faith    .   K - +0 kite shield
rNeg    . . .      Spirit   +   z - +3 crystal plate armour
rPois   +          Reflect  .   y - +1 helmet {Int+3}
rElec   .          Harm     .   u - +2 cloak of Indemnity {rC+ Regen+ rCorr}
rCorr   +          Rampage  .   L - +1 pair of gloves
Will    ++...                   q - +0 pair of boots {Stlth+}
Stlth   ..........              V - amulet of the acrobat
HPRegen 1.87/turn               t - ring "Seutieq" {rF+ rC+ rCorr SInv}
MPRegen 0.22/turn               p - ring of poison resistance

@: mighty, studying 2 skills, unable to read, very slow
A: fangs 3, regeneration 1, magic shield, antimagic bite, no potion heal 2,
[inability to read while threatened]
a: Renounce Religion, Bend Time, Temporal Distortion, Slouch, Step From Time


You were on level 4 of the Abyss.
You worshipped Cheibriados.
Cheibriados was extremely pleased with you.
You visited 6 branches of the dungeon, and saw 30 of its levels.
You visited the Abyss 1 time.
You also visited: Bailey.

You collected 2642 gold pieces.
You spent 1519 gold pieces at shops.

Inventory:

Hand Weapons
 a - a +9 short sword of electrocution
 b - a +3 quick blade of pain (weapon)
Missiles
 d - 57 poisoned darts
 e - 5 throwing nets
 j - 9 atropa-tipped darts
 n - a curare-tipped dart (quivered)
 x - 29 boomerangs
Armour
 o - quicksilver dragon scales
 q - a +0 pair of boots of stealth (worn)
 s - a +1 hat of willpower
 u - the +2 cloak of Indemnity (worn) {rC+ Regen+ rCorr}
   (You acquired it in a bailey)

   rC:        It protects you from cold.
   Regen:     It increases your rate of health regeneration.
   rCorr:     It protects you from acid and corrosion.
 y - a +1 helmet of intelligence (worn)
 z - a +3 crystal plate armour (worn)
 D - the +5 ring mail of Oriredgha {Regen+ rCorr Str+7 Slay-2}
   (You found it on level 14 of the Dungeon)

   Str:       It affects your strength (+7).
   Slay:      It affects your accuracy & damage with ranged weapons and melee
   (-2).
   Regen:     It increases your rate of health regeneration.
   rCorr:     It protects you from acid and corrosion.
 K - a +0 kite shield (worn)
 L - a +1 pair of gloves (worn)
Jewellery
 p - a ring of poison resistance (right hand)
 t - the ring "Seutieq" (left hand) {rF+ rC+ rCorr SInv}
   (You acquired it on level 2 of the Elven Halls)

   [ring of protection from cold]

   rF:        It protects you from fire.
   rC:        It protects you from cold.
   SInv:      It lets you see invisible.
   rCorr:     It protects you from acid and corrosion.
 H - a ring of wizardry
 V - an amulet of the acrobat (around neck)
 X - a ring of ice
 Z - a ring of protection from cold
Wands
 c - a wand of flame (24)
 k - a wand of polymorph (10)
 m - a wand of paralysis (16)
 r - a wand of acid (5)
 E - a wand of charming (3)
 M - a wand of mindburst (1)
Scrolls
 f - a scroll of magic mapping
 v - 3 scrolls of torment
 B - 6 scrolls of fear
 G - 2 scrolls of fog
 J - 9 scrolls of teleportation {@r4}
 N - 4 scrolls of amnesia
 O - 2 scrolls of silence
 R - 2 scrolls of summoning
 T - 6 scrolls of immolation
 U - 5 scrolls of identify {@r1}
 Y - 4 scrolls of blinking
Potions
 g - 2 potions of lignification
 h - 5 potions of brilliance
 i - 3 potions of invisibility
 l - 11 potions of curing {@q1}
 w - 3 potions of flight
 A - 5 potions of mutation {unknown}
 C - 5 potions of magic {unknown}
 I - a potion of ambrosia
 P - 2 potions of cancellation {unknown}
 Q - 7 potions of haste {unknown}
 S - 4 potions of might
 W - 4 potions of attraction {unknown}
Miscellaneous
 F - a condenser vane (inert)


   Skills:
 + Level 16.5 Fighting
 - Level 12.3 Short Blades
 - Level 3.3 Throwing
 - Level 12.6 Armour
 - Level 7.0 Dodging
 - Level 4.8 Stealth
 - Level 12.8 Shields
 - Level 1.0 Unarmed Combat
 + Level 7.5 Spellcasting
 * Level 8.9 Necromancy
 - Level 5.1 Fire Magic
 - Level 7.8 Invocations


You had 32 spell levels left.
You didn't know any spells.
Your spell library contained the following spells:

 Spells                   Type           Power      Damage    Failure   Level
 Pain                     Necr           100%       1d9       7%          1
 Vampiric Draining        Necr           55%        2d9       21%         3
 Corpse Rot               Necr/Air       68%        N/A       54%         2
 Animate Dead             Necr           27%        N/A       54%         4
 Foxfire                  Conj/Fire      96%        2x1d8     67%         1
 Agony                    Necr           55%        N/A       88%         5
 Excruciating Wounds      Necr           27%        N/A       88%         5
 Beastly Appendage        Tmut           20%        N/A       95%         1
 Freeze                   Ice            40%        1d6       95%         1
 Magic Dart               Conj           40%        1d5       95%         1
 Sandblast                Erth           20%        2d7       95%         1
 Shock                    Conj/Air       40%        1d5       95%         1
 Slow                     Hex            40%        N/A       95%         1
 Conjure Flame            Conj/Fire      24%        6-21      95%         3
 Blink                    Tloc           20%        N/A       99%         2
 Poisonous Vapours        Pois/Air       20%        N/A       99%         2
 Searing Ray              Conj           20%        2d5       99%         2
 Static Discharge         Conj/Air       10%        N/A       99%         2
 Call Canine Familiar     Summ           10%        N/A       100%        3
 Confusing Touch          Hex            10%        N/A       100%        3
 Dazzling Flash           Conj/Hex       20%        N/A       100%        3
 Frozen Ramparts          Ice            20%        1d4       100%        3
 Portal Projectile        Hex/Tloc       20%        N/A       100%        3
 Stone Arrow              Conj/Erth      20%        3d8       100%        3
 Fulminant Prism          Conj/Hex       5%         3d7       100%        4
 Hailstorm                Conj/Ice       10%        3d5       100%        4
 Ice Form                 Ice/Tmut       10%        N/A       100%        4
 Iskenderun's Mystic Bla  Conj/Tloc      10%        2d4       100%        4
 Leda's Liquefaction      Hex/Erth       5%         N/A       100%        4
 Sticky Flame             Conj/Fire      24%        2d5       100%        4
 Summon Ice Beast         Ice/Summ       10%        N/A       100%        4
 Lee's Rapid Deconstruct  Erth           5%         3d7*      100%        5
 Manifold Assault         Tloc           10%        N/A       100%        5
 Silence                  Hex/Air        5%         N/A       100%        5
 Iron Shot                Conj/Erth      5%         9d2       100%        6
 Simulacrum               Ice/Necr       17%        N/A       100%        6
 Starburst                Conj/Fire      12%        6d5       100%        6
 Storm Form               Tmut/Air       5%         N/A       100%        7
 Borgnjor's Revivificati  Necr           27%        N/A       100%        8
 Ignition                 Fire           18%        3d7       100%        8
 Infestation              Necr           27%        N/A       100%        8
 Fire Storm               Conj/Fire      12%        8d3       100%        9


Dungeon Overview and Level Annotations

Branches:
Dungeon (15/15)            Temple (1/1) D:4            Lair (6/6) D:11
  Swamp (0/4) Lair:3        Snake (3/4) Lair:4        Slime (0/5) Lair:6
    Orc (2/2) D:9             Elf (3/3) Orc:2        Vaults (0/5) D:13
 Depths (0/4) D:15         Bailey (visited)

Altars:
Ashenzari
Cheibriados
Dithmenos
Elyvilon
Fedhas
Gozag
Hepliaklqana
Kikubaaqudgha
Makhleb
Nemelex Xobeh
Okawaru
Qazlal
Ru
Sif Muna
Trog
Uskayaw
Vehumet
Wu Jian
Xom
Yredelemnul
Zin
The Shining One

Shops:
D:4 (   Orc:2 [!*(   Elf:2 *   Snake:1 ((!!*?(   Snake:2 (

Annotations:
D:10 2 transporters, robertstho's ghost, journeyman SpEE
Lair:6 exclusion: oklob plant
Snake:1 2 transporters, riojii's ghost, journeyman FeFi


Innate Abilities, Weirdness & Mutations

You have razor-sharp teeth.
Your natural rate of healing is unusually fast.
When hurt, damage is shared between your health and your magic reserves.
Your bite disrupts and absorbs the magic of your enemies.
Potions cannot restore your health.
[You sometimes lose the ability to read scrolls when taking damage.]


Message History

You completely miss the starcursed mass.
You bite the starcursed mass, but do no damage.
The starcursed mass is almost destroyed.
A starcursed mass splits.
The sun demon hits you but does no damage.
The sun demon hits you!
You are engulfed in flames.
You resist.
You hit the starcursed mass.
The starcursed mass is almost destroyed.
The starcursed mass shudders and is absorbed by its neighbour.
You block the sun demon's attack.
You cannot read scrolls in your current state!
You feel very mighty all of a sudden.
The starcursed mass completely misses you.
The sun demon hits you.
You are engulfed in flames!
You resist.
* * * LOW HITPOINT WARNING * * *
You block the sun demon's attack. x2; A starcursed mass splits.
You puncture the starcursed mass!
You destroy the starcursed mass!
That felt strangely unrewarding.
The sun demon hits you but does no damage.
You block the sun demon's attack.
The sun demon hits you but does no damage.
Activating: Slouch (6% risk of failure)
Press: ? - help, Dir - look around, f - activate You can feel time thicken for a moment.
You destroy the starcursed mass!
That felt strangely unrewarding.
You destroy the starcursed mass!
That felt strangely unrewarding.
You destroy the starcursed mass!
That felt strangely unrewarding.
Cheibriados lowers the support of your attributes as your movement quickens.
You block the sun demon's attack. The sun demon hits you!!
* * * LOW HITPOINT WARNING * * *
You are engulfed in flames!
You resist.
* * * LOW HITPOINT WARNING * * *
The sun demon hits you!
* * * LOW HITPOINT WARNING * * *
You are engulfed in flames!
You resist.
You die...

. .# # . # . ##.#
... . . #...# .#...#
## # ....## ##.
.....#### .
..........#.#####...
# #
..........33.......
.#.# #.
......3@...#. . ...
...........#.... ..
#.............. . #.
..............## . .
.# ####.....##### #
####### .


You could see 3 sun demons.

Vanquished Creatures
  Jorgrun (D:14)
  2 deep elf blademasters
  Gastronok (D:11)
  Agnes (Snake:3)
  Kirke (D:14)
  Frances (D:14)
  3 deep elf sorcerers
  A balrug (Abyss:4)
  3 deep elf elementalists
  3 orc warlords
  Nessos (D:14)
  6 dire elephants (Lair:6)
  3 deep elf annihilators
  A deep elf demonologist (Elf:3)
  An ettin (shapeshifter) (Elf:2)
  2 ettins
  Josephine (D:11)
  Harold (D:7)
  A rakshasa (D:15)
  10 hydras
  3 naga warriors (Snake:3)
  4 salamander tyrants
  An ogre mage (D:15)
  7 two-headed ogres
  6 anacondas
  A catoblepas (Lair:5)
  2 centaur warriors (D:15)
  3 hell hogs (Abyss:4)
  3 death yaks (Lair:4)
  9 thrashing horrors
  26 dancing weapons
  A deep troll earth mage (Elf:2)
  7 naga sharpshooters
  2 tengu warriors
  5 orc high priests
  A titan zombie (Abyss:4)
  4 shock serpents
  19 deep elf knights
  Urug (Lair:1)
  A spectral anaconda (Lair:6)
  A wretched star (Abyss:4)
  2 fire crabs (shapeshifter)
  A salamander mystic (Snake:3)
  4 skeletal warriors
  5 starcursed masses (Abyss:4)
  A glowing orange brain (D:15)
  4 naga ritualists
  Pikel (D:5)
  10 deep elf archers
  A lindwurm (Lair:4)
  2 flayed ghosts
  An obsidian statue (Lair:6)
  2 bog bodies (Lair:3)
  A wizard (D:13)
  4 necromancers (Lair:6)
  9 mana vipers
  A phantasmal warrior (Abyss:4)
  24 deep elf zephyrmancers
  16 ugly things
  3 orc sorcerers
  22 deep elf pyromancers
  3 orc knights
  A shining eye (shapeshifter) (D:10)
  9 salamanders (Snake:3)
  4 cyclopes
  3 manticores
  25 black mambas
  Joseph (D:7)
  3 dire elephant zombies (Lair:6)
  3 guardian serpents (Snake:3)
  26 elephants
  6 cane toads
  3 gargoyles
  2 unseen horrors
  The ghost of Cecur the Cutter, a novice DsGl (D:5)
  6 naga magi
  An efreet (D:15)
  7 komodo dragons
  A freezing wraith (D:13)
  A rime drake (Lair:5)
  A kobold demonologist (D:11)
  6 trolls
  A polar bear (Lair:6)
  2 ancient zymes (Abyss:3)
  4 meliai
  8 slime creatures
  7 dream sheep (Lair:6)
  2 spectral elephants (Lair:6)
  12 raiju
  A meliai zombie (D:11)
  7 blink frogs
  A dream sheep (shapeshifter) (D:15)
  An air elemental (Elf:2)
  A shadow (D:12)
  8 water elementals
  3 wyverns
  5 fire elementals
  5 wraiths
  33 yaks
  4 basilisks
  4 hogs (D:14)
  A steam dragon (D:9)
  A death yak simulacrum (Lair:6)
  2 vampire mosquitoes (D:10)
  A spectral cane toad (Lair:6)
  16 nagas
  An acid dragon (D:8)
  4 wargs (Orc:2)
  5 swamp worms (Lair:3)
  15 water moccasins
  Duvessa (D:7)
  3 large abominations (Abyss:4)
  A black bear (Lair:2)
  An ice beast (D:4)
  3 sky beasts
  35 orc warriors
  7 ogres
  2 wolves (D:11)
  15 centaurs
  3 kobold brigands
  An elephant skeleton (Lair:6)
  2 gnoll sergeants
  4 earth elementals
  6 bullfrogs
  A scorpion (D:4)
  2 cane toad simulacra (Lair:6)
  3 small abominations
  Dowan (D:7)
  An elephant simulacrum (Lair:6)
  10 killer bees
  2 vampire bats (D:11)
  16 wights
  4 howler monkeys
  7 electric eels
  6 centaur zombies
  A quasit (Abyss:3)
  35 orc priests
  11 hounds
  4 centaur skeletons
  5 jellies
  2 gnoll shamans (D:6)
  3 iguanas
  16 orc wizards
  A killer bee zombie (D:5)
  A centaur simulacrum (D:10)
  24 gnolls
  5 adders
  A white imp (Abyss:3)
  An adder skeleton (D:4)
  3 dart slugs
  59 orcs
  5 bats (D:1)
  4 bat skeletons (D:11)
  3 bat zombies (D:11)
  6 endoplasms
  6 giant cockroaches
  17 goblins
  10 hobgoblins
  A jackal (D:4)
  12 quokkas
  10 ball pythons
  3 frilled lizards
  35 kobolds
  6 rats
960 creatures vanquished.

Vanquished Creatures (others)
  A thrashing horror (Abyss:4)
  A deep elf pyromancer (Elf:3)
  A naga (Snake:3)
  A kobold (D:6)
  23 fungi
  76 plants
  25 withered plants (Lair:6)
128 creatures vanquished.

Grand Total: 1088 creatures vanquished

Notes
Turn   | Place    | Note
-------+----------+-------------------------------------------
     0 | D:1      | freelancePsychic the Vine Stalker Brigand began the quest
                  | for the Orb.
     0 | D:1      | Reached XP level 1. HP: 11/11 MP: 2/2
   115 | D:1      | Reached skill level 2 in Fighting
   116 | D:1      | Reached XP level 2. HP: 14/15 MP: 1/3
   479 | D:1      | Found a faded altar of an unknown god.
   485 | D:1      | Got Plato's Collected Works on Transmigration
   551 | D:1      | Reached XP level 3. HP: 18/18 MP: 4/4
  1153 | D:2      | Gained mutation: Your natural rate of healing is unusually
                  | fast. [Vine Stalker growth]
  1153 | D:2      | Reached XP level 4. HP: 20/23 MP: 3/5
  1414 | D:2      | Reached skill level 1 in Unarmed Combat
  2396 | D:4      | Reached XP level 5. HP: 27/27 MP: 6/6
  2403 | D:4      | Noticed an ogre
  2453 | D:4      | Killed an ogre
  2454 | D:4      | Reached skill level 3 in Fighting
  2488 | D:4      | Noticed an ice beast
  2492 | D:4      | Noticed a sky beast
  2600 | D:3      | Reached XP level 6. HP: 26/32 MP: 3/7
  2948 | D:4      | Reached XP level 7. HP: 36/36 MP: 8/8
  2985 | D:4      | Found a staircase to the Ecumenical Temple.
  2999 | Temple   | Entered the Ecumenical Temple
  3100 | Temple   | Became a worshipper of Cheibriados the Contemplative
  3201 | D:5      | Entered Level 5 of the Dungeon
  3252 | D:5      | Reached skill level 5 in Short Blades
  3252 | D:5      | Reached skill level 1 in Dodging
  3591 | D:5      | Reached skill level 4 in Fighting
  3618 | D:5      | Found a large runed translucent door.
  3620 | D:5      | Found a large runed translucent door.
  3622 | D:5      | Noticed Cecur's ghost (novice DsGl)
  4088 | D:6      | Noticed Pikel
  4094 | D:5      | Gained mutation: You have razor-sharp teeth. [Vine Stalker
                  | growth]
  4094 | D:5      | Reached XP level 8. HP: 42/42 MP: 9/9
  4167 | D:5      | Killed Pikel
  4208 | D:6      | Reached * piety under Cheibriados
  4215 | D:6      | Reached skill level 5 in Fighting
  4529 | D:6      | Reached XP level 9. HP: 25/47 MP: 10/10
  5513 | D:7      | Noticed Harold
  5539 | D:7      | Killed Harold
  5540 | D:7      | Reached skill level 6 in Fighting
  5544 | D:7      | Reached ** piety under Cheibriados
  5910 | D:7      | Noticed Dowan
  5911 | D:7      | Noticed Duvessa
  5943 | D:7      | Killed Duvessa
  5945 | D:7      | Killed Dowan
  6082 | D:7      | Noticed Joseph
  6095 | D:7      | Killed Joseph
  6096 | D:7      | Reached XP level 10. HP: 26/53 MP: 6/11
  6795 | D:4      | Reached skill level 5 in Dodging
  6896 | D:4      | Found Laekh's Antique Weapon Shoppe.
  6994 | D:4      | Found a sparkling altar of Nemelex Xobeh.
  6996 | D:4      | Found an ornate altar of the Wu Jian Council.
  7262 | D:8      | Reached *** piety under Cheibriados
  7543 | D:8      | Found a shimmering blue altar of Sif Muna.
  7697 | D:8      | Reached skill level 7 in Fighting
  7895 | D:8      | Reached skill level 10 in Short Blades
  8100 | D:9      | Reached skill level 1 in Armour
  8186 | D:9      | Reached **** piety under Cheibriados
  8258 | D:9      | Found a staircase to the Orcish Mines.
  8315 | D:9      | Found a shadowy altar of Dithmenos.
  8390 | D:9      | Noticed a lindwurm
  8406 | D:9      | Noticed a lindwurm
  8441 | D:9      | Found a flagged portal.
  8452 | Bailey   | Entered a bailey
  8460 | Bailey   | Reached ***** piety under Cheibriados
  8461 | Bailey   | Noticed an orc warlord
  8534 | Bailey   | Noticed an orc knight
  8546 | Bailey   | Killed an orc knight
  8547 | Bailey   | Reached skill level 1 in Invocations
  8576 | Bailey   | Found a runed translucent gate.
  8576 | Bailey   | Found a runed translucent gate.
  8576 | Bailey   | Found a runed translucent gate.
  8734 | Bailey   | Killed an orc warlord
  8735 | Bailey   | Reached XP level 11. HP: 60/60 MP: 13/13
  8765 | Bailey   | Acquired the +2 cloak of Indemnity {rC+ Regen+ rCorr}
  9143 | D:9      | You fall into a shaft and drop 2 floors!
  9145 | D:11     | Noticed a two-headed ogre
  9153 | D:11     | Killed a two-headed ogre
  9167 | D:11     | Noticed a two-headed ogre
  9174 | D:11     | Killed a two-headed ogre
  9175 | D:11     | Reached skill level 8 in Fighting
  9252 | D:11     | Noticed Gastronok
  9275 | D:11     | Killed Gastronok
  9355 | D:10     | Entered Level 10 of the Dungeon
  9401 | D:10     | Noticed robertstho's ghost (journeyman SpEE)
  9556 | D:9      | Noticed a lindwurm
  9559 | D:9      | Noticed a lindwurm
  9875 | D:10     | Found a runed translucent door.
  9876 | D:10     | Noticed an orb spider
  9877 | D:10     | an orb spider changed into a snapping turtle
  9878 | D:10     | Noticed a lindwurm
  9878 | D:10     | a snapping turtle changed into a lindwurm
  9881 | D:10     | Noticed a fire crab
  9881 | D:10     | a lindwurm changed into a fire crab
  9882 | D:10     | a fire crab changed into a meliai
  9888 | D:10     | Noticed a fire crab
  9888 | D:10     | a raiju changed into a fire crab
  9893 | D:10     | Killed a fire crab
  9894 | D:10     | Reached skill level 1 in Shields
  9939 | D:10     | Noticed a skeletal warrior
  9952 | D:10     | Killed a skeletal warrior
  9953 | D:10     | Reached XP level 12. HP: 55/65 MP: 16/16
  9961 | D:10     | Noticed an anaconda
  9961 | D:10     | an anaconda changed into a water nymph
  9978 | D:10     | Reached ****** piety under Cheibriados
 10031 | D:10     | Found a transporter.
 10036 | D:10     | Found a transporter.
 10056 | D:10     | Reached skill level 9 in Fighting
 10094 | D:10     | Reached skill level 5 in Armour
 10443 | D:10     | Found a basalt altar of Yredelemnul.
 10571 | D:11     | Noticed Josephine
 10582 | D:11     | Killed Josephine
 10750 | D:11     | Found a staircase to the Lair.
 10953 | D:11     | Found an ancient bone altar of Kikubaaqudgha.
 11040 | Lair:1   | Entered Level 1 of the Lair of Beasts
 11042 | Lair:1   | Noticed Urug
 11059 | Lair:1   | Killed Urug
 11110 | Lair:1   | Noticed a seven-headed hydra
 11114 | Lair:1   | Killed a seven-headed hydra
 11771 | Lair:2   | Noticed a seven-headed hydra
 11777 | Lair:2   | Killed a seven-headed hydra
 11808 | Lair:2   | Reached skill level 10 in Fighting
 11808 | Lair:2   | Reached skill level 5 in Shields
 11822 | Lair:2   | Noticed a seven-headed hydra
 11833 | Lair:2   | Killed a seven-headed hydra
 12259 | Lair:3   | Reached XP level 13. HP: 72/72 MP: 17/17
 12772 | Lair:3   | Found a staircase to the Swamp.
 12979 | Lair:3   | Identified the +1 whip of Apuoli {vorpal, Dex+4}
 13413 | Lair:4   | Reached skill level 5 in Invocations
 13437 | Lair:4   | Found a staircase to the Snake Pit.
 13963 | Lair:4   | Reached skill level 11 in Fighting
 14742 | Lair:5   | Reached XP level 14. HP: 79/79 MP: 19/19
 15221 | Lair:6   | Entered Level 6 of the Lair of Beasts
 15415 | Lair:6   | Noticed a dire elephant
 15416 | Lair:6   | Noticed a dire elephant
 15416 | Lair:6   | Noticed a dire elephant
 15416 | Lair:6   | Noticed a dire elephant
 15434 | Lair:6   | Noticed a dire elephant
 15627 | Orc:1    | Entered Level 1 of the Orcish Mines
 15679 | Orc:2    | Entered Level 2 of the Orcish Mines
 15798 | Orc:2    | Found a staircase to the Elven Halls.
 16074 | Orc:2    | Found Fouxtu Wyrgho's Antique Armour Boutique.
 16074 | Orc:2    | Found Nura Mus's Distillery.
 16075 | Orc:2    | Found Hueriby's Weapon Shop.
 16086 | Orc:2    | Found Geunwuron's General Store.
 16095 | Orc:2    | Bought a potion of might for 60 gold pieces
 16095 | Orc:2    | Bought a potion of might for 60 gold pieces
 16337 | Orc:2    | Noticed an orc warlord
 16379 | Orc:2    | Killed an orc warlord
 16380 | Orc:2    | Reached skill level 12 in Fighting
 16425 | Orc:2    | Noticed an orc warlord
 16462 | Orc:2    | Killed an orc warlord
 16953 | D:9      | Identified the +1 scale mail of Pequrum {-Tele Harm Will++
                  | Regen+}
 18427 | D:13     | Reached XP level 15. HP: 85/85 MP: 21/21
 18554 | D:13     | Found a gate to the Vaults.
 18720 | D:14     | Noticed Frances
 18739 | D:14     | Reached skill level 10 in Armour
 18763 | D:14     | Identified the +5 ring mail of Oriredgha {Regen+ rCorr
                  | Str+7 Slay-2}
 18879 | D:14     | Noticed Nessos
 18895 | D:14     | Killed Nessos
 18908 | D:14     | Reached skill level 13 in Fighting
 18908 | D:14     | Reached skill level 10 in Shields
 18961 | D:14     | Identified the +3 glaive of Unpleasantness {vamp, rPois}
 19053 | D:14     | Killed Frances
 19059 | D:14     | Noticed Kirke
 19079 | D:14     | Killed Kirke
 19194 | D:14     | Noticed Jorgrun
 19205 | D:14     | Killed Jorgrun
 19464 | D:15     | Entered Level 15 of the Dungeon
 20313 | D:15     | Found a staircase to the Depths.
 20915 | Lair:6   | Found a staircase to the Slime Pits.
 20926 | Lair:6   | Reached XP level 16. HP: 88/92 MP: 22/22
 21148 | Lair:6   | Reached skill level 14 in Fighting
 21350 | Lair:6   | Got Kikubaaqudgh's Catalogue of Necromancy
 21824 | Snake:1  | Entered Level 1 of the Snake Pit
 22002 | D:5      | Killed Cecur's ghost
 22008 | D:5      | Got the Volume of Flames
 22204 | Snake:1  | Found a transporter.
 22211 | Snake:1  | Noticed riojii's ghost (journeyman FeFi)
 22390 | Snake:1  | Found a bloodstained altar of Trog.
 22401 | Snake:1  | Found a transporter.
 22430 | Snake:1  | Found Ylooveec's General Store.
 22453 | Snake:1  | Bought a scroll of immolation for 63 gold pieces
 22457 | Snake:1  | Found Nogeisig's Magic Scroll Emporium.
 22465 | Snake:1  | Bought a scroll of blinking for 120 gold pieces
 22465 | Snake:1  | Bought a scroll of blinking for 120 gold pieces
 22465 | Snake:1  | Bought a scroll of blinking for 120 gold pieces
 22465 | Snake:1  | Bought a scroll of blinking for 120 gold pieces
 22465 | Snake:1  | Bought a scroll of teleportation for 48 gold pieces
 22465 | Snake:1  | Bought a scroll of immolation for 56 gold pieces
 22541 | Snake:1  | Found Igrick's Antique Weapon Boutique.
 22556 | Snake:1  | Bought an encrusted rapier for 288 gold pieces
 22556 | Snake:1  | Identified the +4 rapier of Valour {vamp, rPois rF+} (You
                  | bought it in a shop on level 1 of the Snake Pit)
 22707 | Snake:1  | Found Mefoxee Toox's Antique Weapon Shop.
 22829 | Snake:1  | Found Etesk's Weapon Shoppe.
 22831 | Snake:1  | Found Veku's Distillery.
 22834 | Snake:1  | Found Neutis's Distillery.
 22839 | Snake:1  | Bought 2 potions of invisibility for 192 gold pieces
 22841 | Snake:1  | Bought a potion of might for 72 gold pieces
 23891 | Snake:2  | Found Ulox's Antique Weapon Shop.
 24386 | Snake:3  | Noticed Agnes
 24404 | Snake:3  | Killed Agnes
 24568 | Snake:3  | Reached XP level 17. HP: 90/98 MP: 21/23
 24581 | Snake:3  | Reached skill level 15 in Fighting
 24721 | Snake:3  | Acquired a +0 pair of boots of stealth
 25420 | Elf:1    | Entered Level 1 of the Elven Halls
 25510 | Elf:1    | Reached skill level 1 in Fire Magic
 25999 | Elf:1    | Got Deez's Guide on Arcane Weapons
 26383 | Elf:2    | Found Rume's General Store.
 26407 | Elf:2    | Bought a scroll of teleportation for 48 gold pieces
 26407 | Elf:2    | Bought a scroll of summoning for 152 gold pieces
 26711 | Elf:2    | Reached skill level 5 in Fire Magic
 26753 | Elf:2    | Acquired a manual of Necromancy
 26754 | Elf:2    | Acquired a manual of Spellcasting
 26755 | Elf:2    | Acquired the ring "Seutieq" {rF+ rC+ rCorr SInv}
 26803 | Elf:2    | Reached skill level 1 in Spellcasting
 26803 | Elf:2    | Reached skill level 1 in Necromancy
 26829 | Elf:2    | Got the Guide on the Mountains
 26841 | Elf:2    | Got Somagh's Collected Works on Ice
 26859 | Elf:2    | Got the Handbook of Ignition
 26865 | Elf:2    | Paralysed by an air elemental for 1 turns
 27106 | Elf:2    | Found a runed translucent gate.
 27106 | Elf:2    | Found a runed translucent gate.
 27112 | Elf:2    | Found a runed translucent gate.
 27195 | Elf:2    | Reached skill level 16 in Fighting
 27195 | Elf:2    | Noticed a deep elf blademaster
 27206 | Elf:2    | Killed a deep elf blademaster
 27207 | Elf:2    | Reached XP level 18. HP: 80/105 MP: 19/24
 27469 | Elf:2    | Reached skill level 5 in Spellcasting
 27469 | Elf:2    | Reached skill level 5 in Necromancy
 27824 | Elf:3    | Entered Level 3 of the Elven Halls
 28185 | Elf:3    | Noticed a deep elf blademaster
 28197 | Elf:3    | Killed a deep elf blademaster
 28200 | Elf:3    | Cast into level 3 of the Abyss (a deep elf sorcerer)
 28540 | Abyss:3  | Paralysed by accursed screaming for 1 turns
 28548 | Abyss:3  | Paralysed by accursed screaming for 1 turns
 28964 | Abyss:4  | HP: 2/107 [sun demon[a balrug] (6)]
 28964 | Abyss:4  | Mangled by a sun demon

Illustrated notes

Levels and vault maps discovered:
D:1:      kilobyte_arrival_exit_the_forest, layout_loops_ring,
          shapermc_ecumenical_altar_rom_forum
D:2:      layout_loops_ring
D:3:      layout_loops_ring, minmay_tree_intersection, minivault_27, st_stairs_6
D:4:      layout_basic, nicolae_overflow_hidden_temple,
          minmay_temple_entry_proselytizer, serial_shops, kennysheep_mini_moat,
          minmay_vboxes
D:5:      layout_basic, ebering_ghost_disaster_area, st_stairs_1
D:6:      layout_cave_pods, uniq_pikel
D:7:      layout_basic, uniq_harold, uniq_joseph, uniq_duvessa
D:8:      layout_loops_ring, mainiacjoe_overflow_small_starburst,
          minmay_misc_feat_nine_boxes
D:9:      layout_loops_ring, mainiacjoe_overflow_cross_hatched, david_orc_2,
          enter_bailey_7, minmay_lindwurm_lava
D:10:     layout_roguey, lemuel_coloured_pillars_altar, gammafunk_ghost_hive,
          minivault_13
D:11:     layout_cave_pools, erik_lair_island, kennysheep_vampire_church,
          uniq_gastronok, uniq_josephine
D:12:     layout_long_grid, kennysheep_island_fort
D:13:     layout_basic, david_vaults_4
D:14:     layout_gridville, minmay_strange_pillars, uniq_jorgrun, uniq_kirke,
          uniq_frances, uniq_nessos
D:15:     gammafunk_enter_depths_forms, layout_rooms, amethyst_killhole,
          serial_bayou, serial_bayou_lagoon_b, serial_bayou_crossing,
          serial_bayou_shore_b, serial_bayou_pond_c, nrook_mini_vaults
Temple:   minmay_temple_bridge_d
Lair:1:   layout_regular_city, serial_bayou_shore_b, uniq_urug
Lair:2:   layout_cave_shapes
Lair:3:   layout_hall_layers, nicolae_swamp_entry_splash_gauntlet,
          chequers_serial_rivers_large_a, worms_lemuel
Lair:4:   layout_concentric_octagons, guppyfry_snake_entry_garden
Lair:5:   layout_gridlike
Lair:6:   due_jungle_book, layout_small_grid, minmay_slime_entry_pillars
Snake:1:  layout_cave_shapes, gammafunk_ghost_wrathful_warriors, serial_shops,
          shop, shop, nicolae_square_shop, shop_statue, minmay_shop_star,
          lemuel_fruit_tree
Snake:2:  layout_chambers, serial_shops, nicolae_shop_trees
Snake:3:  layout_honeycomb, uniq_agnes
Orc:1:    layout_caves, serial_shops, nicolae_shop_overgrown_old_shop,
          guppyfry_library_mini
Orc:2:    st_orc_mages, layout_caves, minmay_orc_treasury
Elf:1:    layout_onion_city, minmay_elf_sorcery
Elf:2:    elven_hall_of_blades_hangedman_original [mumra_blade_entry_dagger],
          layout_rooms, serial_shops, nicolae_stop_n_shop_1,
          nicolae_elf_elemental_lessons
Elf:3:    grunt_elf_hall_spiral, layout_geoelf_grid,
          nicolae_elf_glass_and_crystal_pillar_2, drop_trap
Abyss:4:  base:
Vaults:5

Skill      XL: |  1  2  3  4  5  6  7  8  9 10 11 12 13 14 15 16 17 18 |
---------------+-------------------------------------------------------+-----
Short Blades   | 2 3 4 6 7 9 10 12 | 12.3
Fighting       | 2 3 4 5 6 7 8 10 11 12 13 14 16 | 16.5
Throwing       | 2 3 |  3.3
Unarmed Combat | 1 |  1.0
Dodging        | 2 3 4 5 7 |  7.0
Armour         | 2 4 6 8 9 11 12 | 12.6
Invocations    | 2 4 6 7 |  7.8
Shields        | 1 5 7 9 11 12 | 12.8
Fire Magic     | 5 |  5.1
Spellcasting   | 2 7 |  7.5
Necromancy     | 3 8 |  8.9
Stealth        | |  4.8

Action                   |  1- 3 |  4- 6 |  7- 9 | 10-12 | 13-15 | 16-18 || total
-------------------------+-------+-------+-------+-------+-------+-------++-------
Melee: Dagger            |    94 |   162 |   260 |   118 |       |       ||   634
       Bite              |    23 |    44 |   101 |   258 |   514 |   732 ||  1672
       Punch             |     1 |       |     3 |       |       |       ||     4
       Short sword       |       |       |       |   514 |  1072 |   930 ||  2516
       Rapier            |       |       |       |       |       |    41 ||    41
       Quick blade       |       |       |       |       |       |   445 ||   445
Throw: Dart              |    13 |    20 |    25 |    16 |     7 |     2 ||    83
       Throwing net      |       |       |       |     5 |       |       ||     5
       Boomerang         |       |       |       |       |     4 |       ||     4
Invok: Bend Time         |       |       |       |     1 |       |       ||     1
       Slouch            |       |       |       |       |     7 |    19 ||    26
       Temporal Distorti |       |       |       |       |     3 |       ||     3
Evoke: Wand              |       |       |       |     3 |    13 |       ||    16
       Condenser vane    |       |       |       |       |     2 |     4 ||     6
  Use: Scroll            |       |     3 |     2 |    16 |     5 |    21 ||    47
       Potion            |       |       |     2 |       |       |     3 ||     5
 Stab: Sleeping          |     3 |     9 |     2 |     1 |       |       ||    15
       Distracted        |       |     1 |       |       |       |     1 ||     2
       Invisible         |       |       |     1 |       |       |     4 ||     5
       Held in net/web   |       |       |       |     5 |       |       ||     5
       Petrifying        |       |       |       |       |     2 |       ||     2
       Petrified         |       |       |       |       |     1 |       ||     1
       Paralysed         |       |       |       |       |     1 |       ||     1
       Confused          |       |       |       |       |       |     3 ||     3
Armor: Robe              |    12 |       |       |       |       |       ||    12
       Ring mail         |    24 |    52 |   102 |    61 |       |       ||   239
       Crystal plate arm |       |       |       |   254 |   535 |   516 ||  1305
Dodge: Dodged            |    48 |    85 |   156 |   268 |   244 |   417 ||  1218
Block: Kite shield       |       |       |       |   152 |   643 |   875 ||  1670

Table legend: (Time is in decaauts)
 A = Elapsed time spent in this place.
 B = Non-inter-level travel time spent in this place.
 C = Inter-level travel time spent in this place.
 D = Time resting spent in this place.
 E = Time spent auto-exploring this place.
 F = Levels seen in this place.
 G = Mean time per level.
                   A        B        C        D        E       F      G
               +--------+--------+--------+--------+--------+-----+--------+
         Total |  44442 |  40232 |   4210 |    753 |  31513 |  33 | 1346.7 |
       Dungeon |  20795 |  18661 |   2134 |    480 |  14193 |  15 | 1386.3 |
        Temple |    194 |    102 |     92 |      0 |     62 |   1 |  194.0 |
          Lair |  10631 |   9094 |   1537 |      0 |   7940 |   6 | 1771.8 |
     Snake Pit |   5364 |   5139 |    225 |     46 |   4349 |   3 | 1788.0 |
  Orcish Mines |   2056 |   1928 |    128 |      2 |   1465 |   2 | 1028.0 |
   Elven Halls |   4104 |   4012 |     92 |    156 |   2797 |   3 | 1368.0 |
         Abyss |    794 |    794 |      0 |     68 |    437 |   2 |  397.0 |
        Bailey |    502 |    502 |      0 |      0 |    267 |   1 |  502.0 |
               +--------+--------+--------+--------+--------+-----+--------+

Top non-repeatable levels by time:
  Lair:4: 2271 daAuts
 Snake:2: 2170 daAuts
  Lair:3: 2167 daAuts
   Elf:2: 2072 daAuts
  Lair:6: 2065 daAuts
   Orc:2: 1922 daAuts
    D:10: 1801 daAuts
     D:7: 1784 daAuts
 Snake:1: 1779 daAuts
     D:9: 1706 daAuts
    D:12: 1670 daAuts
  Lair:5: 1642 daAuts
    D:15: 1612 daAuts
   Elf:1: 1580 daAuts
     D:6: 1547 daAuts
